| TOP OF THE 1ST |
|
Round Rock Express batting - Pitching for Norfolk Tides : RHP Nick Hoag
|
|
Pitching: RHP Nick Hoag
|
|
|
Batting: RHB Luis Romero
|
0-0: Called Strike 0-1: Ball 1-1: Foul Ball, location: 2F 1-2: Foul Ball, location: 2F 1-2: Ball 2-2: Ground out 1-3 (Groundball, 34S, EV 75.6 MPH)
|
|
Batting: RHB Doug Hammertime
|
0-0: Ball 1-0: Ball 2-0: Foul Ball, location: 2F 2-1: Ball 3-1: Base on Balls
|
|
Batting: RHB Ryan Kinkead
|
0-0: Ball Doug Hammertime is caught stealing 2nd base 2-4 1-0: Foul Ball, location: 2F 1-1: Ball 2-1: SINGLE (Line Drive, 9S, EV 96.9 MPH)
|
|
Batting: SHB Dan Lash
|
0-0: Ball 1-0: Swinging Strike 1-1: Foul Ball, location: 2F 1-2: Foul Ball, location: 2F 1-2: Ball 2-2: SINGLE (Line Drive, 9S, EV 95.0 MPH) Ryan Kinkead to second Runner from 2nd tries for 3rd, OUT! 9-5
|
| Top of the 1st over - 0 runs, 2 hits, 0 errors, 1 left on base; Round Rock 0 - Norfolk 0 |
| BOTTOM OF THE 1ST |
|
Norfolk Tides batting - Pitching for Round Rock Express : RHP Jeff Kidd
|
|
Pitching: RHP Jeff Kidd
|
|
|
Batting: RHB Alfredo Reguera
|
0-0: Called Strike 0-1: Foul Ball, location: 2F 0-2: Foul Ball, location: 2F 0-2: SINGLE (Groundball, 13S, EV 62.5 MPH) (infield hit)
|
|
Batting: RHB Wes Reynolds
|
0-0: Called Strike 0-1: SINGLE (Line Drive, 9S, EV 91.2 MPH) Alfredo Reguera to second Runner from 2nd tries for 3rd, SAFE, throw by RF made to third
|
|
Batting: RHB Daniel Jackson
|
0-0: Ball 1-0: SINGLE (Groundball, 3D, EV 102.5 MPH) Alfredo Reguera scores Wes Reynolds to second Runner from 2nd tries for 3rd, SAFE, throw by RF made to third
|
|
Batting: RHB Luke Vaccarino
|
0-0: Ball 1-0: Swinging Strike 1-1: Foul Ball, location: 2F 1-2: Ball 2-2: Foul Ball, location: 2F 2-2: Foul Ball, location: 2F 2-2: Strikes out swinging
|
|
Batting: LHB Justin Moore
|
0-0: Grounds into double play, 4-6-3 (Groundball, 4, EV 89.4 MPH)
|
| Bottom of the 1st over - 1 run, 3 hits, 0 errors, 1 left on base; Round Rock 0 - Norfolk 1 |
| TOP OF THE 2ND |
|
Round Rock Express batting - Pitching for Norfolk Tides : RHP Nick Hoag
|
|
Batting: LHB Barend van der Kamp
|
0-0: Ball 1-0: Foul Ball, location: 2F 1-1: Ground out U3 (Groundball, 3, EV 83.1 MPH)
|
|
Batting: RHB Ernie Weathersbee
|
0-0: Ball 1-0: Ball 2-0: Called Strike 2-1: Foul Ball, location: 2F 2-2: Strikes out looking
|
|
Batting: RHB Jarrod Joyce
|
0-0: Ball 1-0: Ground out 5-3 (Groundball, 56, EV 86.2 MPH)
|
| Top of the 2nd over - 0 runs, 0 hits, 0 errors, 0 left on base; Round Rock 0 - Norfolk 1 |
| BOTTOM OF THE 2ND |
|
Norfolk Tides batting - Pitching for Round Rock Express : RHP Jeff Kidd
|
|
Batting: RHB Jeremy Sipe
|
0-0: Ball 1-0: Swinging Strike 1-1: Called Strike 1-2: Strikes out swinging
|
|
Batting: RHB Joe Young
|
0-0: Ball 1-0: Ball 2-0: Foul Ball, location: 2F 2-1: Called Strike 2-2: Fly out, F8 (Flyball, 8RD, EV 98.8 MPH)
|
|
Batting: RHB Danny Baeza
|
0-0: Ball 1-0: Called Strike 1-1: Ground out 5-3 (Groundball, 56S, EV 90.0 MPH)
|
| Bottom of the 2nd over - 0 runs, 0 hits, 0 errors, 0 left on base; Round Rock 0 - Norfolk 1 |
| TOP OF THE 3RD |
|
Round Rock Express batting - Pitching for Norfolk Tides : RHP Nick Hoag
|
|
Batting: RHB Adryão Anto
|
0-0: Called Strike 0-1: Swinging Strike 0-2: Ball 1-2: Strikes out swinging
|
|
Batting: RHB Jeremy Boerman
|
0-0: Called Strike 0-1: SINGLE (Line Drive, 4MD, EV 100.0 MPH)
|
|
Batting: RHB Luis Romero
|
0-0: Called Strike 0-1: Foul Ball, location: 2F 0-2: Strikes out swinging
|
|
Batting: RHB Doug Hammertime
|
0-0: Ball 1-0: Ground out 4-3 (Groundball, 34, EV 83.1 MPH)
|
| Top of the 3rd over - 0 runs, 1 hit, 0 errors, 1 left on base; Round Rock 0 - Norfolk 1 |
| BOTTOM OF THE 3RD |
|
Norfolk Tides batting - Pitching for Round Rock Express : RHP Jeff Kidd
|
|
Batting: RHB Ray Sims
|
0-0: Called Strike 0-1: Ground out 5-3 (Groundball, 56, EV 98.8 MPH)
|
|
Batting: RHB Alfredo Reguera
|
0-0: Called Strike 0-1: Ball 1-1: Called Strike 1-2: Foul Ball, location: 2F 1-2: Ball 2-2: Ball 3-2: Foul Ball, location: 2F 3-2: Foul Ball, location: 2F 3-2: Base on Balls
|
|
Batting: RHB Wes Reynolds
|
0-0: Foul Ball, location: 2F 0-1: Ball 1-1: SINGLE (Line Drive, 89S, EV 96.2 MPH) Alfredo Reguera to second
|
|
Batting: RHB Daniel Jackson
|
0-0: Ball 1-0: Called Strike 1-1: Called Strike 1-2: Foul Ball, location: 2F 1-2: Foul Ball, location: 2F 1-2: Ball 2-2: Fly out, F8 (Flyball, 8LD, EV 109.4 MPH)
|
|
Batting: RHB Luke Vaccarino
|
0-0: Ball 1-0: Fly out, F9 (Flyball, 9, EV 89.4 MPH)
|
| Bottom of the 3rd over - 0 runs, 1 hit, 0 errors, 2 left on base; Round Rock 0 - Norfolk 1 |
| TOP OF THE 4TH |
|
Round Rock Express batting - Pitching for Norfolk Tides : RHP Nick Hoag
|
|
Batting: RHB Ryan Kinkead
|
0-0: Foul Ball, location: 2F 0-1: Swinging Strike 0-2: Ball 1-2: Foul Ball, location: 2F 1-2: Foul Ball, location: 2F 1-2: DOUBLE (Line Drive, 78M, EV 108.1 MPH)
|
|
Batting: SHB Dan Lash
|
0-0: Ball 1-0: Foul Ball, location: 2F 1-1: Hit by Pitch
|
|
Batting: LHB Barend van der Kamp
|
0-0: Fly out, F7 (Line Drive, 7LM, EV 105.0 MPH)
|
|
Batting: RHB Ernie Weathersbee
|
0-0: Called Strike 0-1: Swinging Strike 0-2: Fly out, F7 (Flyball, 7S, EV 81.9 MPH)
|
|
Batting: RHB Jarrod Joyce
|
0-0: Ball 1-0: SINGLE (Groundball, 6M, EV 101.9 MPH) (infield hit) Ryan Kinkead to third Dan Lash to second
|
|
Batting: RHB Adryão Anto
|
0-0: Swinging Strike 0-1: Ball 1-1: Swinging Strike 1-2: Strikes out swinging
|
| Top of the 4th over - 0 runs, 2 hits, 0 errors, 3 left on base; Round Rock 0 - Norfolk 1 |
| BOTTOM OF THE 4TH |
|
Norfolk Tides batting - Pitching for Round Rock Express : RHP Jeff Kidd
|
|
Batting: LHB Justin Moore
|
0-0: Ball 1-0: Called Strike 1-1: Ball 2-1: Ball 3-1: Foul Ball, location: 2F 3-2: Strikes out swinging
|
|
Batting: RHB Jeremy Sipe
|
0-0: Called Strike 0-1: Called Strike 0-2: Ball 1-2: Foul Ball, location: 2F 1-2: Ball 2-2: Foul Ball, location: 2F 2-2: Ball 3-2: Ground out 6-3 (Groundball, 6MD, EV 88.8 MPH)
|
|
Batting: RHB Joe Young
|
0-0: Ball 1-0: Called Strike 1-1: Ball 2-1: Swinging Strike 2-2: Foul Ball, location: 2F 2-2: SINGLE (Line Drive, 9S, EV 106.2 MPH)
|
|
Batting: RHB Danny Baeza
|
0-0: Called Strike 0-1: Foul Ball, location: 2F 0-2: Foul Ball, location: 2F 0-2: Ball 1-2: Ball 2-2: Fly out, F8 (Flyball, 8RD, EV 93.8 MPH)
|
| Bottom of the 4th over - 0 runs, 1 hit, 0 errors, 1 left on base; Round Rock 0 - Norfolk 1 |
| TOP OF THE 5TH |
|
Round Rock Express batting - Pitching for Norfolk Tides : RHP Nick Hoag
|
|
Batting: RHB Jeremy Boerman
|
0-0: Foul Ball, location: 2F 0-1: Swinging Strike 0-2: Ball 1-2: Strikes out swinging
|
|
Batting: RHB Luis Romero
|
0-0: Foul Ball, location: 2F 0-1: Ball 1-1: Called Strike 1-2: Ball 2-2: Ball 3-2: SINGLE (Groundball, 6MD, EV 98.1 MPH)
|
|
Batting: RHB Doug Hammertime
|
0-0: Called Strike 0-1: Ball 1-1: Ball 2-1: Called Strike Luis Romero steals 2nd, throwing error, E2 Luis Romero to third 2-2: Ball 3-2: Fly out, F9 (Flyball, 9, EV 91.2 MPH) Runner from 3rd tags up, SCORES, no throw by RF
|
|
Batting: RHB Ryan Kinkead
|
0-0: Called Strike 0-1: Foul Ball, location: 2F 0-2: SINGLE (Groundball, 56D, EV 105.6 MPH)
|
|
Pitching: RHP Nick Weirick
|
|
|
Batting: SHB Dan Lash
|
0-0: Ball 1-0: Ball 2-0: Foul Ball, location: 2F 2-1: Foul Ball, location: 2F 2-2: Ground out 4-3 (Groundball, 4, EV 88.1 MPH)
|
| Top of the 5th over - 1 run, 2 hits, 1 error, 1 left on base; Round Rock 1 - Norfolk 1 |
| BOTTOM OF THE 5TH |
|
Norfolk Tides batting - Pitching for Round Rock Express : RHP Jeff Kidd
|
|
Batting: RHB Ray Sims
|
0-0: Called Strike 0-1: Ball 1-1: Ball 2-1: Fly out, F8 (Flyball, 8RM, EV 86.2 MPH)
|
|
Batting: RHB Alfredo Reguera
|
0-0: Ball 1-0: Foul Ball, location: 2F 1-1: Ball 2-1: Swinging Strike 2-2: Strikes out swinging
|
|
Batting: RHB Wes Reynolds
|
0-0: Foul Ball, location: 2F 0-1: Ball 1-1: Ball 2-1: Foul Ball, location: 2F 2-2: Foul Ball, location: 2F 2-2: Ball 3-2: Foul Ball, location: 2F 3-2: Base on Balls
|
|
Batting: RHB Daniel Jackson
|
0-0: Ball 1-0: Called Strike 1-1: Called Strike 1-2: Reached via error on a dropped throw from C, E3 (Groundball, 2L, EV 74.4 MPH) Wes Reynolds to second
|
|
Batting: RHB Luke Vaccarino
|
0-0: Foul Ball, location: 2F 0-1: Swinging Strike 0-2: Foul Ball, location: 2F 0-2: DOUBLE (Groundball, 3L, EV 97.5 MPH) Wes Reynolds scores Daniel Jackson to third
|
|
Pitching: RHP Jean-Michel Hamon
|
|
|
Batting: LHB Justin Moore
|
0-0: Called Strike 0-1: Swinging Strike 0-2: Strikes out swinging
|
| Bottom of the 5th over - 1 run, 1 hit, 1 error, 2 left on base; Round Rock 1 - Norfolk 2 |
| TOP OF THE 6TH |
|
Round Rock Express batting - Pitching for Norfolk Tides : RHP Nick Weirick
|
|
Batting: LHB Barend van der Kamp
|
0-0: Called Strike 0-1: Foul Ball, location: 2F 0-2: Ball 1-2: Ball 2-2: Ball 3-2: Foul Ball, location: 2F 3-2: Fly out, F9 (Line Drive, 9S, EV 93.1 MPH)
|
|
Pinch Hitting: LHB Cooper Broomhall
|
0-0: Ball 1-0: Ball 2-0: Ball 3-0: Called Strike 3-1: Base on Balls
|
|
Pinch Hitting: SHB Javy Rosa
|
0-0: Ball 1-0: Ball 2-0: Ball 3-0: Base on Balls Cooper Broomhall to second
|
|
Batting: RHB Adryão Anto
|
0-0: Called Strike 0-1: Ball 1-1: Fly out, F8 (Flyball, 89M, EV 80.0 MPH) Runner from 2nd tags up, OUT at 3rd! 8-5
|
| Top of the 6th over - 0 runs, 0 hits, 0 errors, 1 left on base; Round Rock 1 - Norfolk 2 |
| BOTTOM OF THE 6TH |
|
Norfolk Tides batting - Pitching for Round Rock Express : RHP Jean-Michel Hamon
|
|
Now at SS: Ivan Colon
|
|
|
Now in LF: Javy Rosa
|
|
|
Batting: RHB Jeremy Sipe
|
0-0: Swinging Strike 0-1: SINGLE (Groundball, 4MD, EV 109.4 MPH)
|
|
Batting: RHB Joe Young
|
0-0: Ball 1-0: Ball 2-0: Called Strike Jeremy Sipe steals 2nd base 2-1: Called Strike 2-2: Ground out 6-3 (Groundball, 6, EV 105.6 MPH)
|
|
Batting: RHB Danny Baeza
|
0-0: Ball 1-0: Called Strike 1-1: Foul Ball, location: 2F 1-2: Ball 2-2: Ground out 4-3 (Groundball, 4, EV 88.8 MPH) Jeremy Sipe to third
|
|
Batting: RHB Ray Sims
|
0-0: Foul Ball, location: 2F 0-1: Ball 1-1: Fly out, F8 (Line Drive, 8LD, EV 97.5 MPH)
|
| Bottom of the 6th over - 0 runs, 1 hit, 0 errors, 1 left on base; Round Rock 1 - Norfolk 2 |
| TOP OF THE 7TH |
|
Round Rock Express batting - Pitching for Norfolk Tides : RHP Nick Weirick
|
|
Batting: RHB Jeremy Boerman
|
0-0: Ball 1-0: Ball 2-0: Called Strike 2-1: Ball 3-1: Called Strike 3-2: Base on Balls
|
|
Batting: RHB Luis Romero
|
0-0: Ball Jeremy Boerman steals 2nd base 1-0: Ball 2-0: Foul Ball, location: 2F 2-1: Ball 3-1: Foul Ball, location: 2F 3-2: Foul Ball, location: 2F 3-2: Strikes out swinging
|
|
Batting: RHB Doug Hammertime
|
0-0: Called Strike 0-1: Ball 1-1: Ground out 4-3 (Groundball, 34, EV 96.9 MPH) Jeremy Boerman to third
|
|
Pitching: RHP Pete Rance
|
|
|
Batting: RHB Ryan Kinkead
|
0-0: Called Strike 0-1: Called Strike 0-2: Strikes out swinging
|
| Top of the 7th over - 0 runs, 0 hits, 0 errors, 1 left on base; Round Rock 1 - Norfolk 2 |
| BOTTOM OF THE 7TH |
|
Norfolk Tides batting - Pitching for Round Rock Express : RHP Jean-Michel Hamon
|
|
Pitching: LHP John McRight
|
|
|
Batting: RHB Alfredo Reguera
|
0-0: Called Strike 0-1: Fly out, F7 (Line Drive, 7, EV 89.4 MPH)
|
|
Batting: RHB Wes Reynolds
|
0-0: Called Strike 0-1: Fly out, F7 (Flyball, 7D, EV 95.6 MPH)
|
|
Batting: RHB Daniel Jackson
|
0-0: Hit by Pitch
|
|
Batting: RHB Luke Vaccarino
|
0-0: Ball 1-0: Ball 2-0: Ball 3-0: Called Strike 3-1: DOUBLE (Line Drive, 89XD, EV 111.9 MPH) Daniel Jackson to third
|
|
Batting: LHB Justin Moore
|
0-0: Ball 1-0: Called Strike 1-1: Called Strike 1-2: Ground out U3 (Groundball, 3L, EV 104.4 MPH)
|
| Bottom of the 7th over - 0 runs, 1 hit, 0 errors, 2 left on base; Round Rock 1 - Norfolk 2 |
| TOP OF THE 8TH |
|
Round Rock Express batting - Pitching for Norfolk Tides : RHP Pete Rance
|
|
Batting: SHB Dan Lash
|
0-0: Foul Ball, location: 2F 0-1: Ball 1-1: Swinging Strike 1-2: Ground out U3 (Groundball, 34, EV 80.6 MPH)
|
|
Batting: LHB Barend van der Kamp
|
0-0: Called Strike 0-1: Called Strike 0-2: Ball 1-2: Foul Ball, location: 2F 1-2: Ball 2-2: Ball 3-2: Foul Ball, location: 2F 3-2: Foul Ball, location: 2F 3-2: Foul Ball, location: 2F 3-2: Foul Ball, location: 2F 3-2: Foul Ball, location: 2F 3-2: Foul Ball, location: 2F 3-2: Foul Ball, location: 2F 3-2: Base on Balls
|
|
Pinch Hitting: SHB Pat Wilson
|
0-0: Called Strike 0-1: Ball 1-1: Called Strike 1-2: Ball 2-2: Ball 3-2: DOUBLE (Line Drive, 7LD, EV 103.1 MPH) Barend van der Kamp to third Runner from 3rd tries for Home, SAFE, throw by LF to trailing runner, SAFE at third!
|
|
Batting: SHB Javy Rosa
|
0-0: Intentional Walk
|
|
Batting: RHB Adryão Anto
|
0-0: Called Strike 0-1: Foul Ball, location: 2F 0-2: Ball 1-2: Fly out, F9 (Flyball, 9S, EV 86.2 MPH)
|
|
Batting: RHB Jeremy Boerman
|
0-0: Ball 1-0: Called Strike 1-1: Ball 2-1: Foul Ball, location: 2F 2-2: SINGLE (Line Drive, 4D, EV 97.5 MPH) Pat Wilson scores Javy Rosa to second Runner from 2nd tries for 3rd, SAFE, throw by CF made to third
|
|
Batting: RHB Luis Romero
|
0-0: SINGLE (Groundball, 6MD, EV 108.8 MPH) Javy Rosa scores Jeremy Boerman to second Runner from 2nd tries for 3rd, SAFE, throw by CF made to third Luis Romero to second
|
|
Pitching: RHP Bobby Marble
|
|
|
Batting: RHB Doug Hammertime
|
0-0: Ball 1-0: Foul Ball, location: 2F 1-1: Foul Ball, location: 2F 1-2: Ball 2-2: Strikes out swinging
|
| Top of the 8th over - 3 runs, 3 hits, 0 errors, 2 left on base; Round Rock 4 - Norfolk 2 |
| BOTTOM OF THE 8TH |
|
Norfolk Tides batting - Pitching for Round Rock Express : LHP John McRight
|
|
Now at SS: Noah Stanley
|
|
|
Batting: RHB Jeremy Sipe
|
0-0: Foul Ball, location: 2F 0-1: Foul Ball, location: 2F 0-2: Ball 1-2: Strikes out swinging
|
|
Batting: RHB Joe Young
|
0-0: Foul Ball, location: 2F 0-1: Foul Ball, location: 2F 0-2: Strikes out looking
|
|
Batting: RHB Danny Baeza
|
0-0: Swinging Strike 0-1: Ball 1-1: Swinging Strike 1-2: Strikes out looking
|
| Bottom of the 8th over - 0 runs, 0 hits, 0 errors, 0 left on base; Round Rock 4 - Norfolk 2 |
| TOP OF THE 9TH |
|
Round Rock Express batting - Pitching for Norfolk Tides : RHP Bobby Marble
|
|
Batting: RHB Ryan Kinkead
|
0-0: Ground out 4-3 (Groundball, 4MD, EV 77.5 MPH)
|
|
Batting: SHB Dan Lash
|
0-0: Foul Ball, location: 2F 0-1: Ball 1-1: Called Strike 1-2: Ball 2-2: SINGLE (Line Drive, 6M, EV 98.1 MPH)
|
|
Batting: LHB Barend van der Kamp
|
0-0: Ball 1-0: Ball 2-0: Called Strike Dan Lash steals 2nd base 2-1: SINGLE (Line Drive, 34D, EV 93.8 MPH) Dan Lash to third
|
|
Batting: RHB Noah Stanley
|
0-0: Called Strike 0-1: Swinging Strike 0-2: Strikes out swinging
|
|
Batting: SHB Javy Rosa
|
0-0: Ball 1-0: Ball 2-0: Ball 3-0: Called Strike 3-1: Fly out, F9 (Line Drive, 89M, EV 95.0 MPH)
|
| Top of the 9th over - 0 runs, 2 hits, 0 errors, 2 left on base; Round Rock 4 - Norfolk 2 |
| BOTTOM OF THE 9TH |
|
Norfolk Tides batting - Pitching for Round Rock Express : LHP John McRight
|
|
Pitching: RHP Danny Romero
|
|
|
Batting: RHB Ray Sims
|
0-0: Swinging Strike 0-1: Ball 1-1: Foul Ball, location: 2F 1-2: Foul Ball, location: 2F 1-2: Strikes out swinging
|
|
Batting: RHB Alfredo Reguera
|
0-0: Ball 1-0: Foul Ball, location: 2F 1-1: Ground out 5-3 (Groundball, 56, EV 103.1 MPH)
|
|
Batting: RHB Wes Reynolds
|
0-0: Ball 1-0: Ball 2-0: Fly out, F7 (Line Drive, 7D, EV 90.0 MPH)
|
| Bottom of the 9th over - 0 runs, 0 hits, 0 errors, 0 left on base; Round Rock 4 - Norfolk 2 |
|